 Dungeon Crawl Stone Soup version bcrawl-1.37.2 (webtiles) character file.

Game seed: 11142043711670659245

225376 thalacas the Sneak (level 6, -1/48 HPs)
             Began as an Oni Archaeologist on Dec 23, 2022.
             Slain by an iron imp (2 damage)
             ... summoned by Natasha
             ... on level 3 of the Dungeon.
             The game lasted 00:08:30 (1925 turns).

thalacas the Sneak (Oni Archaeologist)              Turns: 1925, Time: 00:08:30

Health: -1/48      AC:  7    Str: 16    XL:     6   Next: 22%
Magic:  8/8        EV: 13    Int: 15    God:
Gold:   110        SH:  0    Dex: 10    Spells: 5/5 levels left

rFire    . . .     GDR:     22% o - +3 trident
rCold    . . .     SeeInvis .   (no shield)
rNeg     . . .     Gourm    .   c - +1 animal skin
rPois    .         Faith    .   d - +1 hat
rElec    .         Spirit   .   (no cloak)
rCorr    .         Reflect  .   j - +0 pair of gloves
MR       .....                  k - +1 pair of boots
Stlth    ++........             (no amulet)
HPRegen  0.18/turn              (no ring)
MPRegen  0.11/turn              (no ring)

@: no status effects
A: oni magic, claws 1, fangs 1, horns 1
a: no special abilities


You were on level 3 of the Dungeon.
You were hungry.

You visited 1 branch of the dungeon, and saw 3 of its levels.

You collected 110 gold pieces.

Inventory:

Hand Weapons
 b - a +0 blowgun
 o - a +3 trident (weapon)
Missiles
 f - 6 curare-tipped needles
Armour
 c - a +1 animal skin (worn)
 d - a +1 hat (worn)
 j - a +0 pair of gloves (worn)
 k - a +1 pair of boots (worn)
Jewellery
 l - an uncursed ring of ice {unknown}
Scrolls
 a - a scroll of immolation {unknown}
 g - a scroll of magic mapping
 h - a scroll of acquirement
 i - 2 scrolls of identify
 n - a scroll of fear {unknown}
Potions
 m - a potion of degeneration {unknown}
Comestibles
 e - 4 rations {!d}


   Skills:
 + Level 2.2 Fighting
   Level 1.9 Maces & Flails
 + Level 3.2 Polearms
 + Level 3.4 Dodging
 + Level 4.0 Stealth


You had 5 spell levels left.
You didn't know any spells.
Your spell library contained the following spells:

 Spells                   Type           Power        Failure   Level  Hunger
 Beastly Appendage        Tmut           #.....       26%         1    None
 Iskenderun's Mystic Bla  Conj           #.......     63%         3    #####..
 Recall                   Summ/Tloc      N/A          63%         3    #####..


Dungeon Overview and Level Annotations

Branches:
Dungeon (3/12)

Altars:
Nemelex Xobeh

Annotations:
D:3 Natasha, Sigmund


Innate Abilities, Weirdness & Mutations

You learn spells by gaining experience, not through books or religion.
You only train spellcasting to practice magic.
You have sharp fingernails.
You have very sharp teeth.
You have a pair of small horns on your head.


Message History

Natasha extends her claws.
Natasha casts a spell at you. The magic dart hits you.
You are too injured to fight recklessly!
You are too injured to fight recklessly!
You hit Natasha.
Natasha is lightly wounded.
The iron imp hits you but does no damage.
Natasha zaps a wand.
You are blasted!
* * * LOW HITPOINT WARNING * * *
You hit Natasha. Your bite misses Natasha.
Natasha is moderately wounded.
Natasha zaps a wand.
You barely resist. The iron imp misses you.
You are feeling hungry.
You hit Natasha.
Natasha is heavily wounded.
Natasha claws you.
* * * LOW HITPOINT WARNING * * *
The iron imp hits you.
You die...

#.......# ### #.......#
... .......# ..##
####.....## ######..#
........##
#.......########.......#
#.......................
#......5...####....)...#
#......@h#...<..........
#........#####..##...###
#............##....#)# #
#......#..##.#####.#.##.
#..........?..†....)....
########.....##†.#.....#
#.###.....##$..## #..
####........# .
#.#......#


You could see an iron imp and Natasha.

Vanquished Creatures
  A scorpion (D:3)
  An orc wizard (D:2)
  Terence (D:2)
  Natasha (twice) (D:3)
  2 adders
  A gnoll (D:3)
  An ooze (D:3)
  5 worms
  3 dart slugs
  3 leopard geckos (D:2)
  3 orcs
  A ball python (D:2)
  5 goblins
  4 hobgoblins
  A jackal (D:2)
  12 kobolds
  2 quokkas
  2 bats (D:1)
  3 frilled lizards
  7 rats
60 creatures vanquished.

Notes
Turn   | Place    | Note
-------+----------+-------------------------------------------
     0 | D:1      | thalacas the Oni Archaeologist began the quest for the Orb.
     0 | D:1      | Reached XP level 1. HP: 16/16 MP: 3/3
    61 | D:1      | Reached skill level 3 in Stealth
   121 | D:1      | Reached XP level 2. HP: 23/23 MP: 4/4
   585 | D:2      | Reached XP level 3. HP: 14/28 MP: 5/5
   973 | D:2      | Reached XP level 4. HP: 26/35 MP: 6/6
  1003 | D:2      | Found a sparkling altar of Nemelex Xobeh.
  1545 | D:3      | Reached skill level 1 in Polearms
  1570 | D:3      | Reached XP level 5. HP: 33/40 MP: 7/7
  1570 | D:3      | Identified a scroll of acquirement
  1607 | D:3      | Noticed Terence
  1702 | D:3      | Noticed Natasha
  1707 | D:3      | Killed Natasha
  1725 | D:3      | Noticed Sigmund
  1770 | D:3      | Noticed Natasha
  1777 | D:3      | Killed Natasha
  1799 | D:2      | Reached skill level 4 in Stealth
  1799 | D:2      | Reached XP level 6. HP: 36/48 MP: 8/8
  1805 | D:2      | Killed Terence
  1917 | D:3      | Noticed Natasha
  1925 | D:3      | HP: 1/48 [Natasha (5)]
  1925 | D:3      | Slain by an iron imp

Skill      XL: |  1  2  3  4  5  6 |
---------------+-------------------+-----
Stealth        | 3 4 |  4.0
Dodging        | 3 |  3.4
Polearms       | 2 3 |  3.2
Fighting       | 2 |  2.2
Maces & Flails | |  1.9

Action                   |  1- 3 |  4- 6 || total
-------------------------+-------+-------++-------
Melee: Whip              |    96 |       ||    96
       Headbutt          |    14 |    10 ||    24
       Bite              |    10 |     3 ||    13
       Trident           |    40 |    90 ||   130
 Stab: Sleeping          |     6 |     3 ||     9
  Eat: Chunk             |     4 |     2 ||     6
       Ration            |       |     1 ||     1
Armor: Animal skin       |    40 |    23 ||    63
Dodge: Dodged            |    60 |    38 ||    98
